[ AOE2 MATCH · #505762523 ]
UnrankedPortuguese vs Chinese
Player's team · LOSS
Rival team · WIN
[ REPLAY ANALYSIS · EXTRACTED FROM THE RECORDED GAME ]
Feudal
9:32
Castle
23:45
Imperial
—
| APM avg | 66.6 |
| APM peak | 112 |
| eAPM avg | 33.6 |
| Villagers / military | 89 / 54 |
Focus
⚔️ 62.2% · 🌾 37.8%
Archer ×43 · Scout Cavalry ×6 · Militia ×3 · Spearman ×2
Feudal
9:06
Castle
24:56
Imperial
—
| APM avg | 76.5 |
| APM peak | 113 |
| eAPM avg | 33.1 |
| Villagers / military | 100 / 83 |
Focus
⚔️ 43.2% · 🌾 56.8%
Archer ×52 · Skirmisher ×18 · Iron Pagoda ×7 · Spearman ×3 · Scout Cavalry ×2 · Monk ×1
Match map
Initial resources + every placement click. Lines = walls · curves = elevation contours. ◆ gold · ⬟ stone · ● berries · ✦ relic · ◌ wall gap
Your base· ✓ Closed at 23:45 · 45t walls · 1 gate(s)
nW | Manuel's base· ✓ Closed at 24:56 · 32t walls · 2 gate(s)
Smoothed initial terrain · ◌ = detected wall gap · hover for details
Inputs per minute
— hK | Volg - - nW | Manuel
Build order — hK | Volg
First 150 of 244 actions detected
| 0:00 | Create | Villager (Male) |
| 0:01 | Create | Villager (Male) |
| 0:01 | Build | House |
| 0:02 | Build | House |
| 0:03 | Create | Villager (Male) |
| 0:03 | Create | Villager (Male) |
| 0:04 | Create | Villager (Male) |
| 1:27 | Create | Villager (Male) |
| 1:49 | Build | Lumber Camp |
| 2:03 | Create | Villager (Male) |
| 2:14 | Create | Villager (Male) |
| 2:41 | Create | Villager (Male) |
| 3:07 | Create | Villager (Male) |
| 3:20 | Create | Villager (Male) |
| 3:51 | Build | House |
| 3:55 | Create | Villager (Male) |
| 3:55 | Create | Villager (Male) |
| 4:18 | Create | Villager (Male) |
| 4:20 | Build | Mill |
| 4:28 | Create | Villager (Male) |
| 4:32 | Build | House |
| 4:49 | Create | Villager (Male) |
| 5:02 | Build | Palisade Wall |
| 5:03 | Build | Palisade Wall |
| 5:08 | Create | Villager (Male) |
| 5:08 | Create | Villager (Male) |
| 5:35 | Create | Villager (Male) |
| 5:36 | Create | Villager (Male) |
| 6:11 | Research | Loom |
| 6:22 | Build | Barracks |
| 7:22 | Research | Feudal Age |
| 7:26 | Build | Mining Camp |
| 7:45 | Create | Militia |
| 7:57 | Build | Palisade Wall |
| 7:58 | Build | Palisade Wall |
| 8:00 | Create | Militia |
| 8:17 | Build | House |
| 8:21 | Create | Militia |
| 9:20 | Create | Villager (Male) |
| 9:32 | Age | Feudal Age |
| 9:37 | Research | Man-at-Arms (upgrade) |
| 9:53 | Create | Villager (Male) |
| 9:58 | Build | Archery Range |
| 10:08 | Build | Blacksmith |
| 10:09 | Build | Palisade Wall |
| 10:12 | Create | Villager (Male) |
| 10:44 | Create | Villager (Male) |
| 10:50 | Create | Spearman |
| 10:55 | Build | House |
| 10:56 | Create | Archer |
| 10:56 | Create | Archer |
| 11:10 | Create | Villager (Male) |
| 11:19 | Create | Spearman |
| 11:22 | Build | Farm |
| 11:25 | Build | Palisade Wall |
| 11:35 | Build | Palisade Wall |
| 11:39 | Create | Archer |
| 11:45 | Create | Villager (Male) |
| 11:48 | Build | Farm |
| 11:59 | Create | Villager (Male) |
| 12:01 | Build | Palisade Gate |
| 12:02 | Build | Palisade Wall |
| 12:05 | Build | Farm |
| 12:21 | Build | Palisade Wall |
| 12:24 | Build | House |
| 12:27 | Build | Palisade Wall |
| 12:36 | Create | Villager (Male) |
| 12:44 | Build | House |
| 12:52 | Build | Farm |
| 12:54 | Create | Villager (Male) |
| 12:58 | Research | Fletching |
| 12:58 | Research | Fletching |
| 13:01 | Create | Archer |
| 13:03 | Create | Villager (Male) |
| 13:18 | Build | Farm |
| 13:37 | Create | Archer |
| 13:38 | Create | Archer |
| 13:38 | Create | Villager (Male) |
| 13:38 | Create | Villager (Male) |
| 13:53 | Build | Farm |
| 14:06 | Create | Villager (Male) |
| 14:12 | Build | House |
| 14:13 | Build | House |
| 14:28 | Create | Villager (Male) |
| 14:44 | Create | Villager (Male) |
| 14:53 | Create | Villager (Male) |
| 14:57 | Build | Stable |
| 14:58 | Build | Farm |
| 14:59 | Build | Farm |
| 15:02 | Create | Archer |
| 15:14 | Create | Villager (Male) |
| 15:22 | Build | Farm |
| 15:33 | Research | Scale Barding Armor |
| 15:39 | Build | Palisade Wall |
| 15:41 | Build | House |
| 15:46 | Build | House |
| 15:50 | Create | Villager (Male) |
| 15:52 | Build | Farm |
| 15:57 | Create | Scout Cavalry |
| 15:58 | Create | Scout Cavalry |
| 15:58 | Create | Archer |
| 16:14 | Create | Scout Cavalry |
| 16:15 | Create | Villager (Male) |
| 16:16 | Build | Farm |
| 16:17 | Build | Farm |
| 16:32 | Create | Villager (Male) |
| 16:36 | Build | Farm |
| 16:48 | Create | Scout Cavalry |
| 16:50 | Create | Archer |
| 16:50 | Create | Archer |
| 16:53 | Create | Villager (Male) |
| 16:56 | Build | House |
| 17:37 | Create | Villager (Male) |
| 17:40 | Create | Scout Cavalry |
| 17:48 | Create | Villager (Male) |
| 17:49 | Create | Scout Cavalry |
| 17:51 | Build | Farm |
| 17:51 | Build | Farm |
| 17:51 | Build | Farm |
| 17:51 | Build | Farm |
| 17:52 | Build | Farm |
| 17:52 | Build | Farm |
| 18:13 | Create | Archer |
| 18:15 | Build | Farm |
| 18:15 | Build | Farm |
| 18:16 | Build | Farm |
| 18:19 | Create | Villager (Male) |
| 18:50 | Create | Villager (Male) |
| 18:51 | Build | Farm |
| 19:25 | Create | Villager (Male) |
| 19:46 | Create | Villager (Male) |
| 20:09 | Create | Villager (Male) |
| 20:23 | Build | Lumber Camp |
| 20:25 | Build | Market |
| 20:36 | Create | Villager (Male) |
| 21:04 | Research | Castle Age |
| 21:07 | Create | Archer |
| 21:07 | Create | Archer |
| 21:17 | Research | Double-Bit Axe |
| 21:19 | Build | Farm |
| 21:30 | Build | Archery Range |
| 21:33 | Create | Archer |
| 21:59 | Research | Bloodlines |
| 22:01 | Build | Lumber Camp |
| 22:05 | Research | Padded Archer Armor |
| 22:26 | Build | House |
| 22:35 | Create | Archer |
| 22:39 | Create | Archer |
| 22:40 | Create | Archer |
| 22:40 | Create | Archer |
Build order — nW | Manuel
First 150 of 276 actions detected
| 0:00 | Research | Loom |
| 0:00 | Research | Loom |
| 0:44 | Create | Villager (Male) |
| 0:45 | Create | Villager (Male) |
| 1:24 | Create | Villager (Male) |
| 1:24 | Create | Villager (Male) |
| 1:46 | Create | Villager (Male) |
| 1:46 | Create | Villager (Male) |
| 1:58 | Build | Lumber Camp |
| 2:10 | Create | Villager (Male) |
| 2:10 | Create | Villager (Male) |
| 2:57 | Create | Villager (Male) |
| 3:19 | Create | Villager (Male) |
| 3:19 | Create | Villager (Male) |
| 3:25 | Build | House |
| 3:39 | Create | Villager (Male) |
| 3:39 | Create | Villager (Male) |
| 4:05 | Create | Villager (Male) |
| 4:06 | Create | Villager (Male) |
| 4:32 | Create | Villager (Male) |
| 4:32 | Create | Villager (Male) |
| 4:44 | Create | Villager (Male) |
| 4:44 | Create | Villager (Male) |
| 5:10 | Create | Villager (Male) |
| 5:28 | Create | Villager (Male) |
| 5:28 | Create | Villager (Male) |
| 5:28 | Create | Villager (Male) |
| 5:29 | Create | Villager (Male) |
| 6:00 | Build | Mill |
| 6:04 | Build | Mill |
| 6:14 | Create | Villager (Male) |
| 6:56 | Research | Feudal Age |
| 6:56 | Research | Feudal Age |
| 7:15 | Build | Lumber Camp |
| 7:41 | Build | Barracks |
| 8:14 | Build | House |
| 8:35 | Build | Palisade Wall |
| 8:36 | Build | Palisade Wall |
| 8:48 | Create | Villager (Male) |
| 9:06 | Age | Feudal Age |
| 9:09 | Build | Stable |
| 9:12 | Create | Villager (Male) |
| 9:13 | Create | Villager (Male) |
| 9:24 | Create | Spearman |
| 9:25 | Research | Double-Bit Axe |
| 9:26 | Research | Double-Bit Axe |
| 9:28 | Build | Palisade Wall |
| 9:28 | Build | Palisade Wall |
| 9:36 | Build | Palisade Wall |
| 9:41 | Build | Palisade Wall |
| 9:42 | Build | Palisade Wall |
| 9:53 | Create | Scout Cavalry |
| 9:53 | Create | Scout Cavalry |
| 10:02 | Build | Archery Range |
| 10:20 | Create | Villager (Male) |
| 10:21 | Create | Villager (Male) |
| 10:24 | Build | House |
| 10:31 | Build | Palisade Wall |
| 10:32 | Build | Palisade Wall |
| 10:35 | Build | Palisade Wall |
| 10:47 | Create | Archer |
| 10:57 | Create | Villager (Male) |
| 10:57 | Create | Villager (Male) |
| 11:04 | Build | House |
| 11:10 | Create | Villager (Male) |
| 11:11 | Create | Villager (Male) |
| 11:13 | Build | Farm |
| 11:27 | Build | Farm |
| 11:28 | Build | Farm |
| 11:32 | Build | Farm |
| 11:37 | Create | Villager (Male) |
| 11:37 | Create | Villager (Male) |
| 11:49 | Build | Mining Camp |
| 11:54 | Build | Mining Camp |
| 12:06 | Create | Villager (Male) |
| 12:31 | Create | Villager (Male) |
| 12:31 | Create | Villager (Male) |
| 12:32 | Create | Villager (Male) |
| 12:33 | Create | Skirmisher |
| 12:38 | Build | Farm |
| 12:39 | Build | Farm |
| 12:50 | Build | House |
| 12:54 | Build | House |
| 12:54 | Build | House |
| 13:00 | Create | Skirmisher |
| 13:02 | Create | Villager (Male) |
| 13:04 | Build | Farm |
| 13:11 | Build | House |
| 13:12 | Build | House |
| 13:19 | Create | Villager (Male) |
| 13:37 | Create | Skirmisher |
| 13:38 | Create | Archer |
| 13:38 | Create | Villager (Male) |
| 13:48 | Research | Wheelbarrow |
| 13:48 | Research | Wheelbarrow |
| 13:50 | Build | House |
| 14:00 | Build | Palisade Wall |
| 14:05 | Build | Palisade Wall |
| 14:25 | Build | Blacksmith |
| 14:32 | Create | Skirmisher |
| 14:32 | Create | Skirmisher |
| 14:41 | Create | Villager (Male) |
| 14:41 | Create | Villager (Male) |
| 14:49 | Build | Farm |
| 14:53 | Research | Fletching |
| 15:14 | Create | Villager (Male) |
| 15:14 | Create | Villager (Male) |
| 15:15 | Build | Farm |
| 15:20 | Create | Skirmisher |
| 15:20 | Create | Skirmisher |
| 15:36 | Create | Villager (Male) |
| 15:37 | Build | Farm |
| 15:38 | Build | Farm |
| 15:42 | Create | Archer |
| 15:42 | Create | Archer |
| 16:01 | Create | Villager (Male) |
| 16:09 | Research | Padded Archer Armor |
| 16:14 | Create | Skirmisher |
| 16:14 | Create | Skirmisher |
| 16:30 | Create | Villager (Male) |
| 16:30 | Create | Villager (Male) |
| 16:32 | Build | Farm |
| 16:34 | Build | Farm |
| 16:53 | Build | Archery Range |
| 16:58 | Build | Archery Range |
| 17:02 | Create | Skirmisher |
| 17:02 | Create | Skirmisher |
| 17:04 | Create | Villager (Male) |
| 17:05 | Create | Villager (Male) |
| 17:09 | Build | House |
| 17:11 | Build | House |
| 17:15 | Build | Palisade Wall |
| 17:21 | Create | Skirmisher |
| 17:21 | Create | Skirmisher |
| 17:43 | Create | Skirmisher |
| 17:43 | Create | Skirmisher |
| 17:46 | Create | Villager (Male) |
| 17:46 | Create | Villager (Male) |
| 17:50 | Create | Skirmisher |
| 17:50 | Create | Skirmisher |
| 18:10 | Create | Archer |
| 18:11 | Create | Archer |
| 18:14 | Create | Spearman |
| 18:14 | Create | Spearman |
| 18:21 | Build | House |
| 18:39 | Build | Palisade Gate |
| 18:50 | Create | Villager (Male) |
| 18:50 | Create | Villager (Male) |
| 18:57 | Build | House |
| 19:09 | Create | Skirmisher |
Match timeline
| 5:02 | hK | Volg · wall_segment Palisade Wall x6 |
| 5:03 | hK | Volg · wall_segment Palisade Wall x1 |
| 6:22 | hK | Volg · first_building Barracks |
| 7:41 | nW | Manuel · first_building Barracks |
| 7:57 | hK | Volg · wall_segment Palisade Wall x6 |
| 7:58 | hK | Volg · wall_segment Palisade Wall x4 |
| 8:35 | nW | Manuel · wall_segment Palisade Wall x1 |
| 8:36 | nW | Manuel · wall_segment Palisade Wall x1 |
| 9:06 | nW | Manuel · age_up feudal |
| 9:09 | nW | Manuel · first_building Stable |
| 9:28 | nW | Manuel · wall_segment Palisade Wall x1 |
| 9:28 | nW | Manuel · wall_segment Palisade Wall x1 |
| 9:32 | hK | Volg · age_up feudal |
| 9:36 | nW | Manuel · wall_segment Palisade Wall x1 |
| 9:41 | nW | Manuel · wall_segment Palisade Wall x1 |
| 9:42 | nW | Manuel · wall_segment Palisade Wall x1 |
| 9:58 | hK | Volg · first_building Archery Range |
| 10:02 | nW | Manuel · first_building Archery Range |
| 10:09 | hK | Volg · wall_segment Palisade Wall x5 |
| 10:31 | nW | Manuel · wall_segment Palisade Wall x1 |
| 10:32 | nW | Manuel · wall_segment Palisade Wall x1 |
| 10:35 | nW | Manuel · wall_segment Palisade Wall x1 |
| 11:25 | hK | Volg · wall_segment Palisade Wall x4 |
| 11:35 | hK | Volg · wall_segment Palisade Wall x5 |
| 12:02 | hK | Volg · wall_segment Palisade Wall x3 |
| 12:21 | hK | Volg · wall_segment Palisade Wall x1 |
| 12:27 | hK | Volg · wall_segment Palisade Wall x1 |
| 14:00 | nW | Manuel · wall_segment Palisade Wall x9 |
| 14:05 | nW | Manuel · wall_segment Palisade Wall x11 |
| 14:57 | hK | Volg · first_building Stable |
| 15:39 | hK | Volg · wall_segment Palisade Wall x3 |
| 17:15 | nW | Manuel · wall_segment Palisade Wall x1 |
| 20:16 | nW | Manuel · wall_segment Palisade Wall x1 |
| 21:16 | hK | Volg · first_market_buy 100 wood |
| 22:58 | hK | Volg · wall_segment Palisade Wall x6 |
| 23:45 | hK | Volg · age_up castle |
| 24:12 | hK | Volg · wall_segment Palisade Wall x1 |
| 24:56 | nW | Manuel · age_up castle |
| 25:02 | nW | Manuel · first_building Siege Workshop |
| 28:48 | hK | Volg · wall_segment Palisade Wall x1 |
| 29:30 | hK | Volg · wall_segment Palisade Wall x3 |
| 30:59 | hK | Volg · first_building Siege Workshop |
| 31:10 | nW | Manuel · first_building Monastery |
| 32:33 | hK | Volg · resign |
[ AI ANALYSIS · 1 CREDIT ]
What really happened in this match?
Wolo.gg analyzes every decision: build order, eco, micro, common mistakes by bracket. Personalized analysis on WhatsApp or Discord in 30 seconds.
Civ guide
Portuguese
Perfil
Eren